SL
OAKLAND OAKS @ ROCKY MOUNTAIN NUGGETS
09/21/2028
 
TOP OF THE 1ST
Oakland Oaks batting - Pitching for Rocky Mountain Nuggets : LHP Rafael Rivera
Pitching: LHP Rafael Rivera
Batting: RHB Micah Coffey 0-0: Ball
1-0: Fly out, F6 (Line Drive, 6)
Batting: LHB Todd Henry 0-0: Ball
1-0: Foul Ball, location: 2F
1-1: Called Strike
1-2: Strikes out swinging
Batting: LHB Jorge Vargas 0-0: Called Strike
0-1: Fly out, F6 (Popup, 6D)
Top of the 1st over - 0 run(s), 0 hit(s), 0 error(s), 0 left on base; Oakland 0 - Rocky Mountain 0
BOTTOM OF THE 1ST
Rocky Mountain Nuggets batting - Pitching for Oakland Oaks : RHP Merlin Bassett
Pitching: RHP Merlin Bassett
Batting: RHB Luis Ríos 0-0: Ball
1-0: Reached on error, E5 (Groundball, 56)
Batting: LHB Roberto Salazar 0-0: Called Strike
Luis Ríos steals 2nd base
0-1: Called Strike
0-2: Foul Ball, location: 2F
0-2: Ball
1-2: Ball
2-2: Ball
3-2: SINGLE (Line Drive, 34D)
Luis Ríos to third
Batting: RHB Iván Vega 0-0: Ball
1-0: Called Strike
1-1: Foul Ball, location: 2F
1-2: Ball
Throwing error on steal attempt, E2
Luis Ríos scores
Roberto Salazar to third
2-2: Ball
3-2: Foul Ball, location: 2F
3-2: Foul Ball, location: 2F
3-2: Base on Balls
Batting: LHB Javier Sánchez 0-0: Called Strike
Iván Vega is caught stealing 2nd base
0-1: Called Strike
0-2: Ball
1-2: Fly out, F3 (Popup, 3)
Batting: LHB Chia-ch'ing Dodman 0-0: Ball
1-0: Ball
2-0: Ground out 1-3 (Groundball, 15S)
Bottom of the 1st over - 1 run(s), 1 hit(s), 2 error(s), 1 left on base; Oakland 0 - Rocky Mountain 1
TOP OF THE 2ND
Oakland Oaks batting - Pitching for Rocky Mountain Nuggets : LHP Rafael Rivera
Batting: RHB Mike Wazowski 0-0: Ball
1-0: Swinging Strike
1-1: Ball
2-1: Foul Ball, location: 2F
2-2: Ball
3-2: Ground out 6-3 (Groundball, 6)
Batting: LHB Edwin Church 0-0: SINGLE (Line Drive, 9S)
Batting: SHB Luis Luquín 0-0: Called Strike
0-1: Hit by Pitch
Edwin Church to second
Batting: RHB Pedro Pérez 0-0: Ball
1-0: Ball
2-0: Ball
3-0: Base on Balls
Edwin Church to third
Luis Luquín to second
Batting: SHB Orlando Villa 0-0: Ground out 6-3 (Groundball, 6S)
Edwin Church scores
Luis Luquín to third
Pedro Pérez to second
Batting: LHB Jesús Quintanilla 0-0: Called Strike
0-1: Ball
1-1: Ball
2-1: Ball
3-1: Foul Ball, location: 2F
3-2: Foul Ball, location: 2F
3-2: Base on Balls
Batting: RHB Micah Coffey 0-0: Fly out, F9 (Flyball, 9LS)
Top of the 2nd over - 1 run(s), 1 hit(s), 0 error(s), 3 left on base; Oakland 1 - Rocky Mountain 1
BOTTOM OF THE 2ND
Rocky Mountain Nuggets batting - Pitching for Oakland Oaks : RHP Merlin Bassett
Batting: RHB José Carlos Pérez 0-0: Ball
1-0: Fly out, F5 (Popup, 5L)
Batting: RHB Javier Martínez 0-0: Ball
1-0: Fly out, F7 (Flyball, 7D)
Batting: RHB Manuel Becerra 0-0: Swinging Strike
0-1: Fly out, F5 (Line Drive, 5L)
Bottom of the 2nd over - 0 run(s), 0 hit(s), 0 error(s), 0 left on base; Oakland 1 - Rocky Mountain 1
TOP OF THE 3RD
Oakland Oaks batting - Pitching for Rocky Mountain Nuggets : LHP Rafael Rivera
Batting: LHB Todd Henry 0-0: Swinging Strike
0-1: Ball
1-1: Ball
2-1: Foul Ball, location: 2F
2-2: Foul Ball, location: 2F
2-2: Foul Ball, location: 2F
2-2: Fly out, F4 (Line Drive, 4M)
Batting: LHB Jorge Vargas 0-0: Called Strike
0-1: Foul Ball, location: 2F
0-2: Ball
1-2: Strikes out swinging
Batting: RHB Mike Wazowski 0-0: Called Strike
0-1: Called Strike
0-2: Foul Ball, location: 2F
0-2: Fly out, F8 (Flyball, 8LXD)
Top of the 3rd over - 0 run(s), 0 hit(s), 0 error(s), 0 left on base; Oakland 1 - Rocky Mountain 1
BOTTOM OF THE 3RD
Rocky Mountain Nuggets batting - Pitching for Oakland Oaks : RHP Merlin Bassett
Batting: RHB Sergio Martínez 0-0: Foul Ball, location: 2F
0-1: SINGLE (Line Drive, 6M)
Batting: RHB Luis Ríos 0-0: Called Strike
0-1: Ball
1-1: Called Strike
1-2: SINGLE (Groundball, 34S) (infield hit)
Sergio Martínez to second
Batting: LHB Roberto Salazar 0-0: Ground out U3 (Groundball, 3S)
Sergio Martínez to third
Luis Ríos to second
Batting: RHB Iván Vega 0-0: Swinging Strike
0-1: Ball
1-1: Called Strike
1-2: SINGLE (Flyball, 6MD)
Sergio Martínez scores
Luis Ríos to third
Batting: LHB Javier Sánchez 0-0: Ball
1-0: Foul Ball, location: 2F
1-1: Ball
2-1: Ball
3-1: Fly out, F8 (Flyball, 8LS)
Batting: LHB Chia-ch'ing Dodman 0-0: Fly out, F7 (Flyball, 78M)
Bottom of the 3rd over - 1 run(s), 3 hit(s), 0 error(s), 2 left on base; Oakland 1 - Rocky Mountain 2
TOP OF THE 4TH
Oakland Oaks batting - Pitching for Rocky Mountain Nuggets : LHP Rafael Rivera
Batting: LHB Edwin Church 0-0: Ball
1-0: Foul Ball, location: 2F
1-1: Ball
2-1: Fly out, F7 (Flyball, 7)
Batting: SHB Luis Luquín 0-0: Swinging Strike
0-1: Swinging Strike
0-2: Strikes out swinging
Batting: RHB Pedro Pérez 0-0: Ball
1-0: Called Strike
1-1: Ball
2-1: Called Strike
2-2: Ball
3-2: Foul Ball, location: 2F
3-2: Base on Balls
Batting: SHB Orlando Villa 0-0: Ball
1-0: Ball
2-0: SINGLE (Groundball, 34) (infield hit)
Pedro Pérez to second
Batting: LHB Jesús Quintanilla 0-0: Ball
Wild Pitch!
Pedro Pérez to third
Orlando Villa to second
1-0: Ball
2-0: Reached on error, E3 (Groundball, 34)
Pedro Pérez scores
Orlando Villa to third
Batting: RHB Micah Coffey 0-0: Fielders Choice at 2nd, 4-6 (Groundball, 4)
Top of the 4th over - 1 run(s), 1 hit(s), 1 error(s), 1 left on base; Oakland 2 - Rocky Mountain 2
BOTTOM OF THE 4TH
Rocky Mountain Nuggets batting - Pitching for Oakland Oaks : RHP Merlin Bassett
Batting: RHB José Carlos Pérez 0-0: Ball
1-0: Ball
2-0: Fly out, F9 (Flyball, 9LS)
Batting: RHB Javier Martínez 0-0: SOLO HOME RUN (Flyball, 78XD), Distance : 410 ft
Batting: RHB Manuel Becerra 0-0: Ball
1-0: Called Strike
1-1: Ball
2-1: Reached on error, E5 (Groundball, 56)
Batting: RHB Sergio Martínez 0-0: Ball
1-0: Fly out, F8 (Flyball, 8RM)
Batting: RHB Luis Ríos 0-0: Ball
1-0: Ball
2-0: Ball
3-0: Base on Balls
Manuel Becerra to second
Batting: LHB Roberto Salazar 0-0: Called Strike
0-1: Fly out, F8 (Flyball, 8RM)
Bottom of the 4th over - 1 run(s), 1 hit(s), 1 error(s), 2 left on base; Oakland 2 - Rocky Mountain 3
TOP OF THE 5TH
Oakland Oaks batting - Pitching for Rocky Mountain Nuggets : LHP Rafael Rivera
Batting: LHB Todd Henry 0-0: Ball
1-0: Foul Ball, location: 2F
1-1: Called Strike
1-2: Strikes out swinging
Batting: LHB Jorge Vargas 0-0: Called Strike
0-1: Called Strike
0-2: Strikes out looking
Batting: RHB Mike Wazowski 0-0: Swinging Strike
0-1: Swinging Strike
0-2: Foul Ball, location: 2F
0-2: Strikes out swinging
Top of the 5th over - 0 run(s), 0 hit(s), 0 error(s), 0 left on base; Oakland 2 - Rocky Mountain 3
BOTTOM OF THE 5TH
Rocky Mountain Nuggets batting - Pitching for Oakland Oaks : RHP Merlin Bassett
Batting: RHB Iván Vega 0-0: Ball
1-0: Called Strike
1-1: Foul Ball, location: 2F
1-2: Foul Ball, location: 2F
1-2: Ball
2-2: Ball
3-2: Base on Balls
Batting: LHB Javier Sánchez 0-0: Called Strike
0-1: Fly out, F9 (Flyball, 9D)
Batting: LHB Chia-ch'ing Dodman 0-0: Grounds into double play, 4-6-3 (Groundball, 4)
Bottom of the 5th over - 0 run(s), 0 hit(s), 0 error(s), 0 left on base; Oakland 2 - Rocky Mountain 3
TOP OF THE 6TH
Oakland Oaks batting - Pitching for Rocky Mountain Nuggets : LHP Rafael Rivera
Now at 3B: Ron Ward
Batting: LHB Edwin Church 0-0: Called Strike
0-1: Foul Ball, location: 2F
0-2: Strikes out looking
Batting: SHB Luis Luquín 0-0: Ground out 4-3 (Groundball, 34)
Batting: RHB Pedro Pérez 0-0: Ball
1-0: Called Strike
1-1: Foul Ball, location: 2F
1-2: Foul Ball, location: 2F
1-2: Strikes out swinging
Top of the 6th over - 0 run(s), 0 hit(s), 0 error(s), 0 left on base; Oakland 2 - Rocky Mountain 3
BOTTOM OF THE 6TH
Rocky Mountain Nuggets batting - Pitching for Oakland Oaks : RHP Merlin Bassett
Batting: RHB José Carlos Pérez 0-0: Ball
1-0: Called Strike
1-1: Foul Ball, location: 2F
1-2: Foul Ball, location: 2F
1-2: Ball
2-2: Ball
3-2: SINGLE (Line Drive, 78M)
Batting: RHB Javier Martínez 0-0: Ball
1-0: Bunted foul
1-1: Sac Bunt - play at first, batter OUT! 5-4
José Carlos Pérez to second
Batting: RHB Manuel Becerra 0-0: Ball
1-0: Ball
2-0: Ground out 6-3 (Groundball, 6)
Batting: RHB Sergio Martínez 0-0: Ground out 6-3 (Groundball, 6)
Bottom of the 6th over - 0 run(s), 1 hit(s), 0 error(s), 1 left on base; Oakland 2 - Rocky Mountain 3
TOP OF THE 7TH
Oakland Oaks batting - Pitching for Rocky Mountain Nuggets : LHP Rafael Rivera
Batting: SHB Orlando Villa 0-0: Ball
1-0: Foul Ball, location: 2F
1-1: Foul Ball, location: 2F
1-2: Strikes out swinging
Batting: LHB Jesús Quintanilla 0-0: Called Strike
0-1: Called Strike
0-2: Ball
1-2: Ball
2-2: Fly out, F1 (Line Drive, 15)
Batting: RHB Micah Coffey 0-0: Swinging Strike
0-1: Called Strike
0-2: Ball
1-2: Ground out 5-3 (Groundball, 56)
Top of the 7th over - 0 run(s), 0 hit(s), 0 error(s), 0 left on base; Oakland 2 - Rocky Mountain 3
BOTTOM OF THE 7TH
Rocky Mountain Nuggets batting - Pitching for Oakland Oaks : RHP Merlin Bassett
Batting: RHB Luis Ríos 0-0: Ball
1-0: Called Strike
1-1: Ball
2-1: Ball
3-1: Called Strike
3-2: Fly out, F7 (Flyball, 78M)
Pitching: LHP Finn Wuilink
Batting: LHB Roberto Salazar 0-0: Ball
1-0: SINGLE (Line Drive, 7S)
Batting: RHB Iván Vega 0-0: Called Strike
Roberto Salazar steals 2nd base
0-1: Ball
1-1: SINGLE (Line Drive, 56D)
Roberto Salazar to third
Runner from 3rd tries for Home, SAFE, no throw
Batting: LHB Javier Sánchez 0-0: Ball
1-0: Called Strike
1-1: Ball
2-1: Foul Ball, location: 2F
2-2: Fly out, F9 (Flyball, 89M)
Batting: RHB Ron Ward 0-0: Called Strike
0-1: Ball
1-1: Ball
2-1: Ball
3-1: Fielders Choice at 2nd, 5-4 (Groundball, 56)
Bottom of the 7th over - 1 run(s), 2 hit(s), 0 error(s), 0 left on base; Oakland 2 - Rocky Mountain 4
TOP OF THE 8TH
Oakland Oaks batting - Pitching for Rocky Mountain Nuggets : LHP Rafael Rivera
Batting: LHB Todd Henry 0-0: Ball
1-0: Reached via error on a dropped throw, E3
Pitching: RHP Hunter Wilson
Batting: LHB Jorge Vargas 0-0: Called Strike
0-1: Called Strike
0-2: Foul Ball, location: 2F
0-2: Fly out, F5 (Popup, 5)
Batting: RHB Mike Wazowski 0-0: SINGLE (Groundball, 6MD)
Todd Henry to second
Batting: LHB Edwin Church 0-0: Foul Ball, location: 2F
0-1: DOUBLE (Line Drive, 89XD)
Todd Henry scores
Mike Wazowski to third
Batting: SHB Luis Luquín 0-0: Ball
1-0: Ball
2-0: Ground out 6-3 (Groundball, 6)
Batting: RHB Pedro Pérez 0-0: Called Strike
0-1: Swinging Strike
0-2: Ball
1-2: Strikes out swinging
Top of the 8th over - 1 run(s), 2 hit(s), 1 error(s), 2 left on base; Oakland 3 - Rocky Mountain 4
BOTTOM OF THE 8TH
Rocky Mountain Nuggets batting - Pitching for Oakland Oaks : LHP Finn Wuilink
Batting: RHB José Carlos Pérez 0-0: Foul Ball, location: 2F
0-1: Fly out, F9 (Flyball, 9S)
Batting: RHB Javier Martínez 0-0: Ball
1-0: Ball
2-0: Ball
3-0: Base on Balls
Batting: RHB Manuel Becerra 0-0: Called Strike
0-1: Ball
1-1: Fly out, F8 (Flyball, 8LM)
Batting: RHB Sergio Martínez 0-0: Ball
1-0: Ball
2-0: Called Strike
2-1: Fly out, F9 (Flyball, 9S)
Bottom of the 8th over - 0 run(s), 0 hit(s), 0 error(s), 1 left on base; Oakland 3 - Rocky Mountain 4
TOP OF THE 9TH
Oakland Oaks batting - Pitching for Rocky Mountain Nuggets : RHP Hunter Wilson
Pitching: RHP Elton Mobley
Batting: SHB Orlando Villa 0-0: Ball
1-0: Fly out, F8 (Flyball, 8RM)
Pinch Hitting: RHB Joe Phillips 0-0: Called Strike
0-1: Foul Ball, location: 2F
0-2: Ball
1-2: Strikes out swinging
Batting: RHB Micah Coffey 0-0: Called Strike
0-1: Foul Ball, location: 2F
0-2: Fly out, F9 (Flyball, 9D)
Top of the 9th over - 0 run(s), 0 hit(s), 0 error(s), 0 left on base; Oakland 3 - Rocky Mountain 4
Thursday, September 7th, 2017 - OOTP Baseball 17.12 Build 75